 Dungeon Crawl Stone Soup version bcrawl-1.19.2-6-g6a88ae04c9 (webtiles) character file.

Game seed: 8268824301318647075

196 Mrkan the Ruffian (level 5, 0/53 HPs)
             Began as a Troll Fighter on Dec 21, 2019.
             Was a Follower of Yredelemnul.
             Slain by a worker ant (6 damage)
             ... on level 4 of the Dungeon.
             The game lasted 00:04:07 (2538 turns).

Mrkan the Ruffian (Troll Fighter)                   Turns: 2538, Time: 00:04:07

Health: 0/53       AC:  6    Str: 24    XL:     5   Next: 46%
Magic:  4/4        EV:  8    Int:  6    God:    Yredelemnul [*.....]
Gold:   145        SH:  8    Dex:  9    Spells: 4/4 levels left

rFire    . . .     SeeInvis .     - Unarmed
rCold    . . .     Gourm    +   a - +0 shield
rNeg     . . .     Faith    .   (armour unavailable)
rPois    .         Spirit   .   (helmet restricted)
rElec    .         Reflect  .   (no cloak)
rCorr    .         Harm     .   (gloves unavailable)
MR       .....                  (boots unavailable)
Stlth    +.........             (no amulet)
HPRegen  0.57/turn              (no ring)
MPRegen  0.09/turn              (no ring)

@: lethally poisoned (0 -> -1)
A: large, almost no armour, unfitting armour, claws 3, fast metabolism 3,
gourmand, regeneration 1, AC +6
a: Animate Remains, Renounce Religion


You were on level 4 of the Dungeon.
You worshipped Yredelemnul.
Yredelemnul was aware of your devotion.
You were very full.

You visited 1 branch of the dungeon, and saw 4 of its levels.

You collected 145 gold pieces.

Inventory:

Missiles
 h - 38 curare-tipped needles
Armour
 a - a +0 shield (worn)
Scrolls
 d - a scroll of identify {unknown}
 e - 2 scrolls of enchant armour {unknown}
 l - 4 scrolls of immolation {unknown}
Potions
 b - a potion of might
 f - 3 potions of mutation {unknown}
 g - a potion of resistance {unknown}
 i - a potion of lignification {unknown}
 j - a potion of heal wounds {unknown}
Comestibles
 c - 3 rations {!d}


   Skills:
 + Level 3.3 Fighting
 - Level 2.4 Dodging
 + Level 2.7 Shields
 * Level 4.3 Unarmed Combat


You had 4 spell levels left.
You didn't know any spells.
Your spell library contained the following spells:

 Spells                   Type           Power        Failure   Level  Hunger
 Corona                   Hex            #......      88%         1    ##.....
 Ensorcelled Hibernation  Hex/Ice        #.....       96%         2    ###....
 Confuse                  Hex            #.......     99%         3    ####...
 Dazzling Spray           Conj/Hex       #.....       99%         3    ####...
 Tukima's Dance           Hex            #.......     99%         3    ####...


Dungeon Overview and Level Annotations

Branches:
Dungeon (4/12)
 Temple: D:4-7

Altars:
Elyvilon
Sif Muna
Yredelemnul


Innate Abilities, Weirdness & Mutations

You cannot wear most types of armour.
Your thick skin is tough. (AC +6)
You are too large for most types of armour.
You have claws for hands.
Your metabolism is lightning-fast.
You like to eat raw meat.
Your natural rate of healing is unusually fast.


Message History

The orc completely misses you.
You hear some strange, mumbled words.
Something tries to affect you, but you resist.
You closely miss something.
You feel sick. The worker ant bites you.
* * * LOW HITPOINT WARNING * * *
The orc hits you but does no damage. Something hits you.
* * * LOW HITPOINT WARNING * * *
The worker ant bites you.
* * * LOW HITPOINT WARNING * * *
You feel less confused.
You feel sick. Something hits you but does no damage.
The orc hits you with a +0 flail.
* * * LOW HITPOINT WARNING * * *
You miss something.
The worker ant bites you but does no damage.
You block something's attack.
You feel sick. The worker ant bites you.
You die...
Your body rises from the dead as a mindless zombie.

#.. #.# #.# #.#
##.####### ##.........
#.......... ##..@(......
### ##..ao....(..
....#######............
.....(...##.............
..........#..).......(..
.............##.........
...........M###.........
...........## #.........
..........## #.........


You could see a worker ant, an orc and a friendly mummy.

Vanquished Creatures
  An orc priest (D:3)
  An iguana (D:4)
  Robin (D:3)
  An adder (D:3)
  3 oozes
  5 worms
  A dart slug (D:1)
  3 leopard geckos
  6 orcs
  2 ball pythons
  3 giant cockroaches
  7 goblins
  9 hobgoblins
  11 jackals
  A quokka (D:1)
  4 bats
  4 frilled lizards
  10 kobolds
  6 rats
79 creatures vanquished.

Vanquished Creatures (collateral kills)
  An orc (D:3)
  3 goblins (D:3)
  3 hobgoblins (D:3)
  A bat (D:3)
8 creatures vanquished.

Grand Total: 87 creatures vanquished

Notes
Turn   | Place    | Note
-------+----------+-------------------------------------------
     0 | D:1      | Mrkan the Troll Fighter began the quest for the Orb.
     0 | D:1      | Reached XP level 1. HP: 22/22 MP: 0/0
   131 | D:1      | Reached XP level 2. HP: 21/29 MP: 1/1
   609 | D:1      | Reached XP level 3. HP: 35/36 MP: 2/2
   860 | D:1      | Reached skill level 3 in Unarmed Combat
  1067 | D:2      | Found a basalt altar of Yredelemnul.
  1104 | D:2      | Became a worshipper of Yredelemnul the Dark
  1371 | D:2      | Found a shimmering blue altar of Sif Muna.
  1501 | D:2      | Gained mutation: Your natural rate of healing is unusually
                  | fast. [Troll growth]
  1501 | D:2      | Reached XP level 4. HP: 37/44 MP: 3/3
  1985 | D:3      | Reached * piety under Yredelemnul
  2004 | D:3      | Noticed Robin
  2013 | D:3      | Killed Robin
  2078 | D:3      | Reached skill level 4 in Unarmed Combat
  2078 | D:3      | Reached XP level 5. HP: 46/53 MP: 4/4
  2490 | D:4      | Found a white marble altar of Elyvilon.
  2538 | D:4      | Slain by a worker ant

Skill      XL: |  1  2  3  4 |
---------------+-------------+-----
Unarmed Combat | 3 4 |  4.3
Fighting       | 3 |  3.3
Dodging        | |  2.4
Shields        | |  2.7

Action                   |  1- 3 |  4- 6 || total
-------------------------+-------+-------++-------
Melee: Unarmed           |   130 |   111 ||   241
 Stab: Sleeping          |     1 |       ||     1
  Eat: Chunk             |    15 |     5 ||    20
Armor: Skin              |    57 |    46 ||   103
Dodge: Dodged            |    50 |    55 ||   105
Block: Shield            |    62 |    47 ||   109
